Map: Acid Plant LE

Players

helldenn - Winner!

  • Race: Protoss Protoss
  • League: Diamond
  • Spawn Location: 11:00

DrSinork

  • Race: Terran Terran
  • League: Platinum
  • Spawn Location: 5:00

VOD

Have the link to the VOD?

Description

Time

  • Played on: Feb. 14, 2020, 4:22 p.m.
  • Length: 12:59
Show
View Real Time Build Order
Export as new Build Order

helldenn Protoss - Winner!

Build Orders: 1 Gate Expand, Phoenix Opening 

Get SALT Encoding   

  12  0:01  Probe  
  13  0:13  Probe  
  14  0:19  Pylon  
  14  0:25  Probe  
  15  0:37  Probe (Chrono Boost)  
  15  0:41  Gateway  
  16  0:49  Probe (Chrono Boost)  
  17  0:52  Assimilator  
  17  0:56  Probe (Chrono Boost)  
  18  1:03  Probe  
  19  1:15  Probe  
  20  1:28  Nexus  
  20  1:35  Cybernetics Core  
  20  1:39  Probe  
  21  1:46  Pylon  
  21  1:51  Probe  
  22  1:57  Assimilator  
  22  2:03  Probe  
  23  2:10  Stalker (Chrono Boost)  
  23  2:15  Probe, Warp Gate  
  26  2:27  Probe  
  27  2:33  Sentry  
  29  2:39  Pylon  
  29  2:40  Probe (Chrono Boost)  
  29  2:41  Probe (Chrono Boost)  
  31  2:50  Probe x2 (Chrono Boost)  
  33  3:04  Probe x2  
  35  3:07  Stalker  
  37  3:16  Probe x2  
  37  3:17  Robotics Facility  
  39  3:21  Gateway  
  39  3:26  Phoenix  
  39  3:28  Probe (Chrono Boost)  
  39  3:32  Probe (Chrono Boost)  
  41  3:40  Probe (Chrono Boost)  
  41  3:41  Pylon  
  43  3:44  Probe (Chrono Boost)  
  43  3:45  Probe (Chrono Boost), Pylon  
  46  3:50  Pylon  
  46  3:53  Probe (Chrono Boost)  
  48  3:57  Probe (Chrono Boost)  
  46  4:05  Probe (Chrono Boost)  
  48  4:11  Probe (Chrono Boost)  
  48  4:12  Probe (Chrono Boost)  
  48  4:15  Nexus  
  48  4:16  Pylon  
  49  4:19  Probe x2  
  49  4:20  Assimilator, Pylon  
  49  4:22  Stalker  
  53  4:24  Assimilator  
  53  4:25  Stalker  
  55  4:38  Probe  
  56  4:39  Probe  
  57  4:48  Stalker  
  57  4:49  Observer (Chrono Boost)  
  57  4:50  Probe  
  57  4:51  Probe  
  57  4:52  Stalker  
  64  4:55  Phoenix  
  64  5:00  Gateway  
  64  5:03  Observer (Chrono Boost), Gateway  
  65  5:11  Twilight Council, Forge  
  65  5:12  Pylon  
  65  5:13  Probe  
  65  5:14  Probe  
  67  5:15  Stalker  
  67  5:19  Pylon  
  69  5:27  Stalker  
  71  5:31  Gateway  
  71  5:33  Probe (Chrono Boost)  
  71  5:35  Probe (Chrono Boost)  
  74  5:38  Probe (Chrono Boost), Protoss Ground Weapons Level 1 (Chrono Boost)  
  74  5:41  Observer  
  76  5:44  Probe x2 (Chrono Boost)  
  76  5:47  Probe (Chrono Boost)  
  76  5:48  Probe (Chrono Boost)  
  78  5:50  Stalker  
  78  5:54  Blink  
  81  5:58  Probe x2  
  81  5:59  Probe  
  81  6:03  Observer  
  85  6:10  Probe  
  86  6:17  Assimilator  
  86  6:21  Assimilator  
  86  6:25  Robotics Bay  
  86  6:30  Probe, Pylon  
  86  6:31  Probe  
  88  6:33  Pylon  
  88  6:36  Pylon  
  84  6:51  Probe  
  84  6:52  Probe x2  
  87  7:01  Stalker  
  87  7:02  Stalker  
  87  7:04  Probe x2  
  87  7:05  Nexus, Stalker x3  
  99  7:08  Probe  
  99  7:10  Pylon  
  99  7:11  Pylon  
  99  7:12  Warp Prism  
  99  7:15  Pylon  
  102  7:16  Probe  
  102  7:18  Pylon  
  103  7:24  Gateway  
  103  7:26  Gateway  
  103  7:28  Gateway  
  103  7:29  Gateway  
  103  7:40  Pylon  
  103  7:42  Pylon  
  103  7:49  Gateway  
  103  7:51  Gateway  
  103  7:53  Gateway  
  103  7:55  Pylon  
  103  7:57  Protoss Ground Weapons Level 2 (Chrono Boost)  
  103  7:58  Pylon  
  103  8:02  Probe x3, Assimilator  
  106  8:08  Assimilator  
  106  8:14  Probe x2  
  108  8:31  Gateway  
  108  8:33  Gateway  
  108  8:35  Probe  
  108  8:36  Probe x3, Gateway  
  108  8:37  Gateway  
  112  8:45  Zealot x9  
  112  8:48  Probe  
  123  9:08  Charge  
  121  9:20  Stalker x5  
  121  9:21  Stalker x4  
  139  9:29  Gateway  
  139  9:31  Gateway  
  139  9:33  Probe x2, Gateway  
  139  9:35  Photon Cannon  
  139  9:37  Photon Cannon  
  141  9:39  Photon Cannon  
  141  9:41  Stalker x2  
  141  9:42  Stalker x5  
  155  9:54  Stalker x6  
  155  9:55  Stalker x3  
  173  10:03  Observer  
  160  10:24  Observer  
  161  10:29  Stalker x8  
  161  10:30  Stalker x8  
  161  11:07  Nexus  
  161  11:08  Pylon  
  161  11:11  Pylon  
  161  11:15  Stalker  
  161  11:16  Stalker x11  
  161  11:17  Stalker  
  179  11:44  Zealot x5  
  179  11:45  Zealot x7  
  159  12:45  Stalker x7  
  159  12:46  Stalker x5  
  159  12:47  Stalker x4  
Show
View Real Time Build Order
Export as new Build Order

DrSinork Terran 

Build Orders: 2 Factory 

Get SALT Encoding   

  12  0:00  SCV  
  13  0:13  SCV  
  14  0:17  Supply Depot  
  14  0:25  SCV  
  15  0:29  Refinery  
  15  0:39  SCV  
  16  0:46  Barracks  
  16  0:51  SCV  
  17  1:03  SCV  
  18  1:15  SCV  
  19  1:27  SCV  
  20  1:36  Reaper  
  20  1:39  Orbital Command  
  21  1:52  Command Center  
  21  2:04  Factory  
  21  2:07  Supply Depot  
  21  2:10  SCV  
  22  2:22  SCV  
  23  2:34  SCV  
  23  2:37  Refinery  
  24  2:48  SCV  
  25  3:04  SCV x2  
  26  3:12  Barracks Reactor  
  26  3:13  Factory Tech Lab  
  26  3:16  SCV  
  26  3:17  Factory  
  26  3:19  Command Center  
  28  3:25  Supply Depot  
  28  3:28  SCV  
  28  3:29  Orbital Command  
  28  3:40  SCV, Cyclone  
  32  3:49  Mag-Field Accelerator  
  32  3:53  SCV  
  33  3:56  Refinery  
  33  4:11  Hellion  
  33  4:12  Factory  
  33  4:16  SCV x2  
  37  4:24  Supply Depot  
  37  4:28  SCV x2  
  39  4:34  Hellion  
  39  4:35  Cyclone  
  44  4:42  SCV x2  
  46  4:46  Engineering Bay  
  46  4:54  Hellion, SCV x2  
  46  4:57  Factory Tech Lab  
  50  5:02  Hellion  
  50  5:05  Refinery  
  52  5:10  Armory  
  52  5:14  SCV  
  53  5:19  SCV x2  
  55  5:22  Armory  
  55  5:26  SCV  
  56  5:30  Supply Depot  
  56  5:31  SCV  
  56  5:32  Supply Depot  
  57  5:36  SCV  
  57  5:38  Hellion, SCV  
  57  5:39  Hellion  
  63  5:48  SCV  
  63  5:49  SCV  
  65  5:57  Factory  
  65  5:58  Hellion  
  65  5:59  Hellion, Factory  
  69  6:12  SCV  
  69  6:13  Hellion, SCV  
  69  6:14  Hellion  
  76  6:19  Cyclone  
  76  6:20  Orbital Command  
  76  6:25  SCV x2  
  80  6:32  Factory  
  80  6:37  SCV x2  
  76  6:41  Supply Depot  
  76  6:42  Supply Depot  
  72  6:49  SCV  
  72  6:50  SCV  
  72  6:51  Hellion x2, Cyclone x2  
  72  6:52  Factory Reactor, Factory Tech Lab  
  84  6:59  SCV  
  84  7:01  SCV  
  86  7:02  SCV  
  86  7:06  Terran Ship Weapons Level 1, Terran Vehicle And Ship Armor Level 1  
  87  7:09  Missile Turret  
  87  7:11  SCV  
  87  7:12  Missile Turret  
  87  7:15  Missile Turret  
  88  7:16  SCV x2  
  88  7:17  Refinery  
  88  7:20  Sensor Tower  
  90  7:25  Supply Depot  
  90  7:26  Supply Depot, Hellion  
  90  7:28  Factory Tech Lab  
  92  7:30  Cyclone  
  95  7:40  Cyclone  
  98  7:49  Refinery  
  98  7:54  Infernal Pre-Igniter  
  98  7:55  Command Center  
  98  7:57  SCV x2  
  100  8:00  Smart Servos  
  100  8:08  Supply Depot  
  100  8:11  Supply Depot  
  100  8:12  Supply Depot, SCV x2  
  102  8:13  Hellion x2, Cyclone x2  
  102  8:14  Cyclone  
  115  8:30  SCV x3  
  118  8:46  Refinery  
  118  8:50  Refinery  
  118  8:53  Command Center  
  118  8:54  Missile Turret  
  118  9:15  SCV x3  
  121  9:25  Terran Ship Weapons Level 2, Terran Vehicle And Ship Armor Level 2  
  121  9:27  SCV x2  
  123  9:46  SCV x3  
  126  9:53  Supply Depot  
  126  9:55  Supply Depot  
  126  9:56  Hellion  
  126  9:57  Hellion, Cyclone x4  
  142  10:02  Supply Depot  
  142  10:08  SCV x2  
  142  10:09  SCV  
  120  10:26  Hellion x2  
  114  10:29  Cyclone  
  114  10:31  Hellion x3  
  114  10:32  Hellion, Cyclone  
  124  10:40  Planetary Fortress  
  119  10:45  Command Center  
  119  10:48  Hellion x2  
  119  10:53  Cyclone x2  
  115  11:01  Cyclone  
  109  11:04  Hellion x3  
  100  11:18  Hellion x2  
  101  11:25  Hellion, Cyclone x2  
  76  11:42  Hellion x2  
  76  11:43  Hellion x2  
  76  11:44  Cyclone  
  73  11:47  SCV  
  73  11:48  SCV x2  
  72  11:57  Cyclone  
  72  12:00  SCV x3  
  59  12:12  SCV x2  
Tags
 
Add a new tag
Caveats
  • Supply blocks, unpowered buildings, or Contaminate may cause inaccurate times.
  • Supply counts are checked every 10 seconds.